 Dungeon Crawl Stone Soup version 0.31-a0-1529-g7bd419a0e5 (webtiles) character file.

Game seed: 825750702376336978

46911 demibob the Necromancer (level 14, -5/72 HPs)
             Began as a Deep Elf Chaos Knight on Jan 1, 2024.
             Was a Plaything of Xom.
             Slain by an efreet
             ... wielding a +0 scimitar of flaming
              (7 damage)
             ... while petrified by you
             ... on level 12 of the Dungeon.
             The game lasted 00:45:50 (15308 turns).

demibob the Necromancer (Deep Elf Chaos Knight)    Turns: 15308, Time: 00:45:52

Health: -5/72      AC: 19    Str:  8 (9)  XL:     14   Next: 6%
Magic:  28/28      EV:  2    Int: 22      God:    Xom [......]
Gold:   2009       SH:  0    Dex: 19      Spells: 24/29 levels left

rFire   + + .        a - +4 quarterstaff (chaos)
rCold   + + +        (shield currently unavailable)
rNeg    + + +        v - +4 ring mail
rPois   ∞            n - +2 hat {Stlth+}
rElec   +            q - scarf {rC+ rF+}
rCorr   +            G - +2 pair of gloves
SInv    +            (no boots)
Will    +....        r - amulet of reflection
Stlth   ++           D - ring "Arubeco" {Ice ^Drain Slay+3 SInv}
HPRegen 0.32/turn    T - +4 ring of protection
MPRegen 0.21/turn

%: reflection
@: resistant, petrified
A: hooves 1, horns 2, agile 1, clever 1, fire resistance 1, MP-powered wands,
sturdy frame 1, noise suppression
a: Renounce Religion


You were on level 12 of the Dungeon.
You worshipped Xom.
You were a very special plaything of Xom.
You visited 2 branches of the dungeon, and saw 15 of its levels.
You also visited: Ossuary and Bailey.

You collected 2240 gold pieces.
You spent 231 gold pieces at shops.


Innate Abilities, Weirdness & Mutations

You have large cloven feet.
You have a pair of horns on your head.
You are agile. (Dex +4, Str/Int -1)
Your mind is acute. (Int +4, Str/Dex -1)
Your flesh is heat resistant. (rF+)
You expend magic power (3 MP) to strengthen your wands.
Your movements are slightly less encumbered by armour. (ER -2)
You passively dampen the noise of your surroundings.


   Skills:
 - Level 2.4 Fighting
 - Level 3.4(7.6) Maces & Flails
 - Level 13.6(14.0) Staves
 - Level 4.2 Armour
 - Level 6.4 Dodging
 + Level 8.1 Spellcasting
 + Level 6.8 Hexes
 - Level 16.1 Necromancy
 - Level 12.0 Evocations


You had 24 spell levels left.
You knew the following spells:

 Your Spells              Type           Power      Damage    Failure   Level
X - Necrotise             Necr           100%       1d9       0%          1
Y - Anguish               Hex/Necr       28%        N/A       1%          4

Your spell library contained the following spells:

 Spells                   Type           Power      Damage    Failure   Level
 Jinxbite                 Hex            78%        N/A       1%          2
 Cause Fear               Hex            19%        N/A       8%          4
 Apportation              Tloc           16%        N/A       12%         1
 Sting                    Conj/Alch      32%        1d5       12%         1
 Summon Small Mammal      Summ           32%        N/A       12%         1
 Blink                    Tloc           16%        N/A       19%         2
 Lesser Beckoning         Tloc           16%        N/A       19%         2
 Momentum Strike          Conj/Tloc      16%        3d8       19%         2
 Summon Ice Beast         Ice/Summ       13%        N/A       36%         3
 Summon Mana Viper        Hex/Summ       23%        N/A       63%         5
 Yara's Violent Unravell  Hex/Alch       11%        3d6       63%         5
 Animate Armour           Summ/Erth      16%        N/A       77%         4
 Summon Lightning Spire   Summ/Air       8%         N/A       77%         4
 Lee's Rapid Deconstruct  Erth           4%         3d5*      98%         5
 Enfeeble                 Hex            19%        N/A       99%         7
 Monstrous Menagerie      Summ           4%         N/A       100%        7

Inventory:

Hand Weapons
 a - a +4 quarterstaff of chaos (weapon)
Armour
 g - +0 gold dragon scales
 n - a +2 hat of stealth (worn)
 q - a scarf of resistance (worn)
 v - a +4 ring mail (worn)
 G - a +2 pair of gloves (worn)
Magical Staves
 b - a staff of death {!a}
 s - a staff of alchemy {!a}
Jewellery
 r - an amulet of reflection (around neck)
 u - an amulet of the acrobat
 D - the ring "Arubeco" (left hand) {Ice ^Drain Slay+3 SInv}
   (You found it on level 7 of the Dungeon)

   [ring of ice]

   Ice:       It enhances your ice magic.
   Slay+3:    It affects your accuracy & damage with ranged weapons and melee
   (+3).
   rF-:       It makes you vulnerable to fire.
   rC+:       It protects you from cold.
   SInv:      It lets you see invisible.
   ^Drain:    It drains your maximum health when unequipped.
 F - a ring of fire
 L - a ring of flight
 M - a ring of magical power
 N - a ring of positive energy
 T - a +4 ring of protection (right hand)
 Z - a ring of wizardry
Wands
 c - a wand of flame (5)
 t - a wand of polymorph (5)
Scrolls
 e - 2 scrolls of immolation
 h - a scroll of noise {unknown}
 j - 6 scrolls of enchant weapon
 l - 4 scrolls of amnesia
 p - a scroll of revelation
 x - 8 scrolls of enchant armour
Potions
 d - 2 potions of enlightenment
 f - 2 potions of attraction
 i - 3 potions of resistance
 k - 2 potions of lignification
 o - 2 potions of magic
 w - 3 potions of ambrosia
 A - 2 potions of mutation
 J - a potion of brilliance
Miscellaneous
 y - a tin of tremorstones (inert)

Dungeon Overview and Level Annotations

Branches:
Dungeon (12/15)            Temple (0/1) D:4            Lair (3/5) D:8
 Shoals (0/4) Lair:2       Spider (0/4) Lair:3          Orc (0/2) D:11
Ossuary (visited)          Bailey (visited)

Altars:
Ashenzari
Cheibriados
Elyvilon
Fedhas
Makhleb
Nemelex Xobeh
Okawaru
Qazlal
Ru
Xom
The Shining One

Shops:
D:5 =[*?   D:11 (

Annotations:
D:11 2 transporters
Lair:2 1 runed translucent door

...▓...▓.▓.▓ ▓.
#.#.≈≈≈▒▒▒▒▒.▒
...▓.....▓▓.▓
▓.##.#.≈≈≈≈≈≈≈▒.▒▒
.▓▓▓▓▓.▓▓▓ ▓.▓
▓......≈≈≈≈≈≈≈▒...
..▓▓ ▓..▓ ..
▓.##...≈≈≈≈≈≈≈▒.▒▒
▓.(▓▓▓▓.▓▓
▓.##...≈≈≈≈≈▒▒▒.▒≈
.▓▓.......▓
..##....≈≈≈▒▒.Z.▒≈
...▓▓.▓▓▓▓.▓
▓.##....≈≈▒▒.▒▒.▒≈
▓▓▓▓ ..▓ ...
▓.##.....▒▒.▒▒▒▒▒≈ .▓
▓.▓ ▓.▓
▓@##.....).▒▒≈≈≈≈≈
..▓ ...
..▓▓R##........≈≈≈≈≈.
▓▓.▓ ▓°▓
▓.▓.##..............
..D .☼▓
▓§..##.....####.###.
▓c▓
▓☼▓▓▓.▓.##..........#
#. c.▓
▓☼..▓▓.##..........#
#. ▓.
▓▓.▓▓▓........###..#
#. ▓..▓▓.▓........#
#..###.
..▓..▓▓.▓.##..##.#
#......


You could see an efreet (strong).


Message History

The efreet hits you with a +0 scimitar of flaming.
* * * LOW HITPOINT WARNING * * *
You feel better.
You are engulfed in seething chaos.
You are slowing down.
The efreet gestures at you.
The fireball explodes!
The fireball engulfs you. You resist.
* * * LOW HITPOINT WARNING * * *
The fireball engulfs the efreet.
The efreet completely resists.
The efreet gestures at you. The bolt of fire hits you. You resist.
Your limbs are stiffening.
As you read the scroll labelled OSO WIUTUTUDO, it crumbles to dust.
Your body is wracked with pain!
* * * LOW HITPOINT WARNING * * *
It was a scroll of torment.
The efreet is engulfed in seething chaos.
The efreet seems to grow stronger.
The efreet hits you with a +0 scimitar of flaming!!
* * * LOW HITPOINT WARNING * * *
The efreet burns you.
* * * LOW HITPOINT WARNING * * *
You have turned to stone.
The efreet hits you but does no damage. The efreet gestures at you.
The bolt of fire hits you! You resist.
* * * LOW HITPOINT WARNING * * *
The efreet hits you with a +0 scimitar of flaming.
* * * LOW HITPOINT WARNING * * *
The efreet hits you with a +0 scimitar of flaming!
You die...
Xom bursts into laughter!

Skill      XL: |  1  2  3  4  5  6  7  8  9 10 11 12 13 14 |
---------------+-------------------------------------------+-----
Maces & Flails | 3 |  3.4
Necromancy     | 1 2 3 7 14 16 | 16.1
Evocations     | 1 2 5 6 8 9 12 | 12.0
Staves         | 1 2 4 5 7 9 11 13 | 13.6
Armour         | 1 4 |  4.2
Dodging        | 3 6 |  6.4
Spellcasting   | 7 8 |  8.1
Hexes          | 6 |  6.8
Fighting       | |  2.4

Action                     |  1- 3 |  4- 6 |  7- 9 | 10-12 | 13-15 || total
---------------------------+-------+-------+-------+-------+-------++-------
  Melee: Mace              |    89 |    29 |       |       |       ||   118
         Headbutt          |     9 |    15 |    72 |    80 |   116 ||   292
         Punch             |       |     1 |     1 |     5 |     5 ||    12
         Quarterstaff      |       |    74 |   277 |    14 |    80 ||   445
         Staff             |       |       |    74 |   396 |   342 ||   812
         Kick              |       |       |       |    96 |   178 ||   274
   Cast: Anguish           |       |       |       |       |     2 ||     2
  Evoke: Wand              |       |     1 |    15 |    29 |    15 ||    60
         Tin of tremorston |       |       |       |       |     2 ||     2
    Use: Potion            |     3 |     1 |     1 |     9 |    12 ||    26
         Scroll            |     5 |     1 |    12 |     9 |     8 ||    35
   Stab: Sleeping          |     1 |     1 |     3 |       |     2 ||     7
         Confused          |     1 |     1 |     1 |       |       ||     3
         Petrified         |     3 |       |       |       |       ||     3
         Distracted        |     1 |       |       |       |       ||     1
         Paralysed         |     1 |     1 |       |       |     1 ||     3
         Invisible         |       |       |       |     2 |       ||     2
         Betrayed ally     |       |       |       |     1 |       ||     1
         Petrifying        |       |       |       |       |     1 ||     1
 Armour: Leather armour    |    56 |    54 |   148 |       |       ||   258
         Ring mail         |       |       |     4 |   182 |   278 ||   464
  Dodge: Dodged            |    72 |    49 |   137 |   146 |   218 ||   622
  Block: Other             |       |       |    42 |    72 |    70 ||   184
         Reflection        |       |       |       |     2 |     1 ||     3

Levels and vault maps discovered:
D:1:      dpeg_arrival_tiny_f, layout_basic
D:2:      layout_basic, ebering_ecumenical_altar_box, uniq_crazy_yiuf_cottage,
          uniq_natasha
D:3:      layout_loops_corners
D:4:      layout_loops_ring, mainiacjoe_overflow_small_starburst,
          minmay_temple_entry_trees, uniq_pikel, uniq_grinder, uniq_edmund
D:5:      layout_basic, mainiacjoe_overflow_cross_hatched,
          grunt_temple_overflow_open, serial_shops, nicolae_shop_trees,
          shop_fountains, nicolae_shop_waterfront, shop
D:6:      layout_cave_pods, mainiacjoe_overflow_brackets, fedhas_altar_1
D:7:      layout_basic, old_standard_altar,
          lightli_ossuary_entry_decrepit_ruins, nicolae_houndstooth_variations
D:8:      layout_loops_ring, nicolae_tso_besieged_by_evil, lemuel_crystal_altar,
          enter_bailey_7
D:9:      nzn_winding_woodlands_three_and_one
          [nzn_winding_woodlands_5x15_lazy_stream,
          nzn_winding_woodlands_5x15_pool, nzn_winding_woodlands_5x15_longhouse,
          nzn_winding_woodlands_center_garden], layout_loops_ring,
          grunt_qazlal_sundering
D:10:     layout_grid_maze
D:11:     layout_loops_ring, serial_shops, nicolae_shop_bloodbath_and_beyond,
          nicolae_diode_stairs, uniq_harold
D:12:     minmay_the_grid_square_5x5_5x5
          [minmay_the_grid_square_5x5_two_walls_a,
          minmay_the_grid_square_5x5_fancy_junction,
          minmay_the_grid_square_5x5_hourglass,
          minmay_the_grid_square_5x5_six_small,
          minmay_the_grid_square_5x5_half_checkered,
          minmay_the_grid_square_5x5_minimal,
          minmay_the_grid_square_5x5_prize_rear_guard,
          minmay_the_grid_square_5x5_one_wall,
          minmay_the_grid_square_5x5_prize_gold,
          minmay_the_grid_square_5x5_broken_cross,
          minmay_the_grid_square_5x5_trominoes,
          minmay_the_grid_square_5x5_detours,
          minmay_the_grid_square_5x5_prize_waves,
          minmay_the_grid_square_5x5_checkered_sparse,
          minmay_the_grid_square_5x5_spiral_small, minmay_the_grid_square_5x5_c,
          minmay_the_grid_square_5x5_prize_pseudospiral,
          minmay_the_grid_square_5x5_inner_z,
          minmay_the_grid_square_5x5_prize_deathbox,
          minmay_the_grid_square_5x5_percent,
          minmay_the_grid_square_5x5_intrusive_squares,
          minmay_the_grid_square_5x5_inner_v,
          minmay_the_grid_square_5x5_minibox, minmay_the_grid_square_5x5_tie,
          minmay_the_grid_square_5x5_two_small], layout_long_grid,
          grunt_decor_junction
Lair:1:   layout_loops_ring, lemuel_fruit_tree
Lair:2:   gammafunk_lair_enchanted_lake, layout_regular_city,
          elwin_shoals_entry_rooms, uniq_nergalle, uniq_gastronok
Lair:3:   layout_chaotic_city, nicolae_spider_entry_lesser_pyramids,
          gammafunk_ghost_ooze, roderic_carrion_pond, serial_bayou_shore_b

Notes
Turn   | Place    | Note
-------+----------+-------------------------------------------
     0 | D:1      | demibob the Deep Elf Chaos Knight began the quest for the
                  | Orb.
     0 | D:1      | Reached XP level 1. HP: 13/13 MP: 3/3
   121 | D:1      | XOM: divination: detect creatures
   134 | D:1      | Reached XP level 2. HP: 16/18 MP: 4/4
   327 | D:1      | Reached skill level 3 in Maces & Flails
   529 | D:1      | XOM: give mutations
   529 | D:1      | Gained mutation: You have a pair of small horns on your
                  | head. [Xom's mischief]
   529 | D:1      | Gained mutation: Your magical capacity is low. (-10% MP)
                  | [Xom's mischief]
   635 | D:1      | You fall into a shaft and drop 1 floor!
   664 | D:2      | Noticed Natasha
   678 | D:2      | Killed Natasha
   679 | D:2      | Reached XP level 3. HP: 21/22 MP: 4/4
   685 | D:2      | Noticed Natasha
   698 | D:1      | Identified a potion of resistance
   743 | D:1      | XOM: noise
  1000 | D:2      | XOM: butterfly on damage
  1007 | D:2      | Killed Natasha
  1008 | D:2      | Reached skill level 1 in Necromancy
  1008 | D:2      | Reached XP level 4. HP: 6/27 MP: 5/5
  1104 | D:2      | Reached skill level 1 in Evocations
  1116 | D:2      | Noticed Natasha
  1131 | D:2      | XOM: butterfly on damage
  1133 | D:2      | Killed Natasha
  1134 | D:2      | Reached skill level 1 in Staves
  1343 | D:2      | Found a faded altar of an unknown god.
  1401 | D:2      | Found a runed translucent door.
  1402 | D:2      | Noticed Crazy Yiuf
  1580 | D:2      | Killed Crazy Yiuf
  1581 | D:2      | Reached skill level 2 in Necromancy
  1581 | D:2      | Reached XP level 5. HP: 30/31 MP: 6/6
  1724 | D:3      | Reached skill level 2 in Evocations
  1730 | D:3      | Reached skill level 2 in Staves
  2123 | D:3      | XOM: enchant monster (good)
  2354 | D:3      | XOM: divination: detect items
  2500 | D:4      | Learned a level 1 spell: Necrotise
  2507 | D:4      | Reached XP level 6. HP: 35/36 MP: 7/7
  2517 | D:4      | Reached skill level 3 in Evocations
  2522 | D:4      | Reached skill level 3 in Staves
  2527 | D:4      | Found a snail-covered altar of Cheibriados.
  2589 | D:4      | Noticed Pikel
  2599 | D:4      | XOM: cast spell 'Summon Small Mammal'
  2606 | D:4      | Noticed Grinder
  2607 | D:4      | Killed Pikel
  2608 | D:4      | Reached skill level 4 in Staves
  2608 | D:4      | Reached skill level 5 in Evocations
  2608 | D:4      | Reached XP level 7. HP: 40/40 MP: 8/8
  2613 | D:4      | Paralysed by Grinder for 3 turns
  2622 | D:5      | Entered Level 5 of the Dungeon
  2664 | D:5      | Reached skill level 5 in Staves
  2756 | D:5      | Found a burning altar of Makhleb.
  2757 | D:5      | Found a sparkling altar of Nemelex Xobeh.
  2811 | D:5      | Reached skill level 6 in Evocations
  2811 | D:5      | Reached XP level 8. HP: 45/45 MP: 9/9
  2931 | D:5      | Found Exkolaum's Antique Armour Shoppe.
  3068 | D:5      | XOM: scenery: create altars
  3069 | D:5      | an ogre changed into a shapeshifter
  3069 | D:5      | Noticed a shapeshifter (shapeshifter)
  3069 | D:5      | XOM: polymorph ogre -> shapeshifter
  3069 | D:5      | a shapeshifter changed into a brain worm
  3073 | D:5      | Reached skill level 6 in Staves
  3166 | D:4      | Reached skill level 7 in Evocations
  3236 | D:4      | XOM: summons 3 friendly demons
  3237 | D:4      | Paralysed by Grinder for 2 turns
  3240 | D:4      | Killed Grinder
  3385 | D:4      | Found a staircase to the Ecumenical Temple.
  3514 | D:4      | XOM: give mutations
  3514 | D:4      | Lost mutation: Your magical capacity is low. (-10% MP)
                  | [Xom's grace]
  3514 | D:4      | Gained mutation: You are agile. (Dex +4, Str/Int -1) [Xom's
                  | grace]
  3514 | D:4      | Gained mutation: Your mind is acute. (Int +4, Str/Dex -1)
                  | [Xom's grace]
  3583 | D:4      | Identified a scarf of resistance
  3687 | D:4      | Noticed Edmund
  3696 | D:4      | Killed Edmund
  3697 | D:4      | Reached skill level 7 in Staves
  3732 | D:4      | XOM: god gift: short sword {god gift}
  3822 | D:5      | XOM: give mutations
  3822 | D:5      | Gained mutation: Your flesh is heat resistant. (rF+) [Xom's
                  | grace]
  3822 | D:5      | Gained mutation: You passively dampen the noise of your
                  | surroundings. [Xom's grace]
  3822 | D:5      | Gained mutation: You have a pair of horns on your head.
                  | [Xom's grace]
  3822 | D:5      | Gained mutation: You are partially covered in iridescent
                  | scales. (AC +2) [Xom's grace]
  3851 | D:5      | Found Dofic's Magic Scroll Shop.
  3859 | D:5      | Bought a scroll of teleportation for 39 gold pieces
  3859 | D:5      | Bought a scroll of identify for 26 gold pieces
  3859 | D:5      | Bought a scroll of identify for 26 gold pieces
  3992 | D:5      | Found Moddin's Jewellery Shoppe.
  4027 | D:5      | Found Rauwno Qiqu's Assorted Antiques.
  4034 | D:5      | Bought a glass ring for 140 gold pieces
  4098 | D:5      | Found a white marble altar of Elyvilon.
  4125 | D:5      | Reached skill level 8 in Evocations
  4224 | D:6      | Reached skill level 3 in Necromancy
  4297 | D:6      | XOM: 1-stop teleportation journey
  4360 | D:6      | Found a sacrificial altar of Ru.
  4503 | D:6      | Reached XP level 9. HP: 42/49 MP: 11/11
  4653 | D:6      | Reached skill level 4 in Necromancy
  4965 | D:6      | Found a blossoming altar of Fedhas.
  4968 | D:6      | Reached skill level 8 in Staves
  5192 | D:6      | Reached skill level 5 in Necromancy
  5343 | D:7      | Found an iron altar of Okawaru.
  5343 | D:7      | XOM: 3-stop teleportation journey
  5431 | D:7      | XOM: enchant monster (bad)
  5694 | D:7      | Reached skill level 6 in Necromancy
  5720 | D:7      | Found a sand-covered staircase.
  5729 | Ossuary  | Entered an ossuary
  5909 | Ossuary  | Reached skill level 9 in Staves
  6112 | Ossuary  | Reached skill level 7 in Necromancy
  6482 | D:7      | Identified the ring "Arubeco" {Ice ^Drain Slay+3 SInv}
  7117 | D:8      | Reached XP level 10. HP: 54/54 MP: 12/12
  7149 | D:8      | Found a staircase to the Lair.
  7173 | D:8      | Reached skill level 1 in Armour
  7206 | D:8      | Reached skill level 8 in Necromancy
  7214 | D:8      | XOM: noise
  7299 | D:8      | Found a glowing golden altar of the Shining One.
  7369 | D:8      | Found a broken altar of Ashenzari.
  7467 | D:8      | Found a flagged portal.
  7484 | Bailey   | Entered a bailey
  7767 | Bailey   | Reached skill level 14 in Necromancy
  7767 | Bailey   | Reached XP level 11. HP: 58/58 MP: 13/13
  7771 | Bailey   | Noticed an orc knight
  7797 | Bailey   | Killed an orc knight
  7808 | Bailey   | XOM: give mutations
  7808 | Bailey   | Lost mutation: You are partially covered in iridescent
                  | scales. (AC +2) [Xom's mischief]
  7808 | Bailey   | Lost mutation: Your flesh is heat resistant. (rF+) [Xom's
                  | mischief]
  7808 | Bailey   | Gained mutation: You possess an exceptional clarity of
                  | mind. [Xom's mischief]
  7927 | Bailey   | Reached skill level 2 in Armour
  7931 | Bailey   | Reached skill level 10 in Staves
  7991 | Bailey   | Noticed an orc knight
  8018 | Bailey   | Killed an orc knight
  8019 | Bailey   | XOM: divination: detect creatures
  8030 | Bailey   | XOM: 1-stop teleportation journey
  8230 | D:8      | XOM: summons 3 hostile shadow creatures
  8301 | D:8      | XOM: give mutations
  8301 | D:8      | Gained mutation: You are partially covered in iridescent
                  | scales. (AC +2) [Xom's grace]
  8301 | D:8      | Gained mutation: You have large cloven feet. [Xom's grace]
  8301 | D:8      | Gained mutation: Your flesh is heat resistant. (rF+) [Xom's
                  | grace]
  8301 | D:8      | Gained mutation: Your spells are a little harder to cast,
                  | but a little more powerful. [Xom's grace]
  8392 | D:8      | XOM: give mutations
  8392 | D:8      | Gained mutation: Your movements are slightly less
                  | encumbered by armour. (ER -2) [Xom's grace]
  8392 | D:8      | Gained mutation: Your natural rate of healing is unusually
                  | fast. [Xom's grace]
  8392 | D:8      | Gained mutation: Your muscles are strong. (Str +4, Int/Dex
                  | -1) [Xom's grace]
  8392 | D:8      | Gained mutation: You expend magic power (3 MP) to
                  | strengthen your wands. [Xom's grace]
  8670 | D:9      | Found a stormy altar of Qazlal.
  8737 | D:9      | XOM: swap monsters
  8766 | D:9      | Reached skill level 3 in Armour
  8803 | D:9      | Noticed a brown ugly thing
  8804 | D:9      | Noticed a centaur warrior
  8808 | D:9      | XOM: scenery: summon butterflies
  8809 | D:9      | Noticed a two-headed ogre
  8813 | D:9      | Killed a brown ugly thing
  8813 | D:9      | Killed a centaur warrior
  8814 | D:9      | Killed a two-headed ogre
  8815 | D:9      | Reached skill level 4 in Armour
  8949 | D:9      | XOM: 1-stop teleportation journey
  8963 | D:9      | Reached skill level 11 in Staves
  8963 | D:9      | Reached skill level 9 in Evocations
  9076 | D:9      | Noticed a boulder beetle
  9079 | D:9      | XOM: potion effect (invisibility)
  9089 | D:9      | Killed a boulder beetle
  9288 | D:9      | XOM: silly message
  9331 | D:9      | XOM: silly message
  9335 | D:9      | Reached XP level 12. HP: 56/64 MP: 14/14
  9339 | D:9      | XOM: potion effect (brilliance)
  9559 | D:8      | XOM: silly message
  9564 | Lair:1   | Entered Level 1 of the Lair of Beasts
  9577 | Lair:1   | XOM: smoke on damage
  9602 | Lair:1   | XOM: potion effect (brilliance)
  9603 | Lair:1   | XOM: polymorph black mamba -> shock serpent
  9607 | Lair:1   | Reached skill level 10 in Evocations
  9678 | Lair:1   | Noticed a death yak
  9691 | Lair:1   | XOM: swap monsters
  9697 | Lair:1   | XOM: 1-stop teleportation journey
  9706 | Lair:1   | XOM: potion effect (magic)
  9716 | Lair:1   | XOM: polymorph bullfrog -> sky beast
  9727 | Lair:1   | Killed a death yak
  9728 | Lair:1   | Reached skill level 12 in Staves
  9865 | Lair:1   | Noticed a death yak
  9865 | Lair:1   | Noticed a death yak
  9866 | Lair:1   | Noticed a death yak
  9872 | Lair:1   | XOM: enchant monster (bad)
  9873 | Lair:1   | XOM: stat loss: -1 Str (12/13)
  9874 | Lair:1   | Noticed a death yak
  9879 | Lair:1   | Noticed a death yak
  9880 | Lair:1   | XOM: summons 2 friendly demons
  9881 | Lair:1   | Killed a death yak
  9884 | Lair:1   | Killed a death yak
  9884 | Lair:1   | XOM: chaos cloud
  9892 | Lair:1   | Killed a death yak
  9893 | Lair:1   | Reached skill level 11 in Evocations
  9896 | Lair:1   | Killed a death yak
  9904 | Lair:1   | Killed a death yak
 10014 | Lair:1   | XOM: polymorph yak -> wind drake
 10242 | Lair:1   | XOM: blink monster(s)
 10245 | Lair:1   | XOM: noise
 10443 | Lair:1   | Reached skill level 13 in Staves
 10501 | Lair:2   | XOM: polymorph cane toad -> swamp drake
 10533 | Lair:2   | XOM: polymorph bullfrog -> basilisk
 10590 | Lair:2   | XOM: polymorph yak -> manticore
 10600 | Lair:2   | Reached skill level 12 in Evocations
 10611 | Lair:2   | Noticed Gastronok
 10613 | Lair:2   | XOM: butterfly on damage
 10621 | Lair:2   | XOM: cast spell 'Alistair's Intoxication'
 10632 | Lair:2   | Killed Gastronok
 10633 | Lair:2   | Reached skill level 3 in Dodging
 10701 | Lair:2   | Reached XP level 13. HP: 68/68 MP: 15/15
 10855 | Lair:2   | Found a staircase to the Shoals.
 10907 | Lair:2   | XOM: snakes to sticks
 10908 | Lair:2   | Reached skill level 4 in Dodging
 10908 | Lair:2   | Reached skill level 15 in Necromancy
 10910 | Lair:2   | XOM: 1-stop teleportation journey
 10992 | Lair:2   | Noticed Nergalle
 11008 | Lair:2   | Killed Nergalle
 11069 | Lair:2   | XOM: summons 4 friendly demons
 11127 | Lair:2   | XOM: silly message
 11152 | Lair:2   | Reached skill level 5 in Dodging
 11162 | Lair:2   | XOM: summons friendly quasit
 11163 | Lair:2   | XOM: divination: detect creatures
 11170 | Lair:2   | XOM: noise
 11196 | Lair:2   | XOM: enchant monster (bad)
 11228 | Lair:2   | XOM: summons 4 hostile shadow creatures
 11436 | Lair:2   | XOM: scenery: create altars
 11556 | Lair:2   | Noticed a dire elephant
 11576 | Lair:2   | Found a runed translucent door.
 11716 | Lair:3   | Found a hole to the Spider Nest.
 11832 | D:10     | Entered Level 10 of the Dungeon
 11895 | D:10     | XOM: 1-stop teleportation journey
 11905 | D:10     | Reached skill level 6 in Dodging
 11918 | D:10     | Learned a level 4 spell: Anguish
 12198 | D:10     | XOM: give mutation
 12198 | D:10     | Lost mutation: Your natural rate of healing is unusually
                  | fast. [Xom's mischief]
 12768 | D:10     | XOM: chaos cloud
 12833 | D:10     | XOM: summons 3 hostile shadow creatures
 13088 | D:11     | Reached skill level 1 in Spellcasting
 13141 | D:11     | Found a transporter.
 13148 | D:11     | Found a transporter.
 13184 | D:11     | Found a staircase to the Orcish Mines.
 13192 | D:11     | Noticed Harold
 13204 | D:11     | Killed Harold
 13205 | D:11     | Reached skill level 2 in Spellcasting
 13366 | D:11     | Found Wumets's Weapon Shop.
 13380 | D:11     | Reached skill level 3 in Spellcasting
 13392 | D:11     | XOM: smoke on damage
 13393 | D:11     | Reached skill level 16 in Necromancy
 13411 | D:11     | XOM: chaos upgrade
 13824 | D:11     | XOM: swap monsters
 13830 | D:11     | Reached skill level 4 in Spellcasting
 14084 | D:12     | XOM: chaos cloud
 14092 | D:12     | Reached skill level 1 in Hexes
 14099 | D:12     | Paralysed by an ogre mage for 2 turns
 14100 | D:12     | Reached skill level 2 in Hexes
 14124 | D:12     | Reached skill level 5 in Spellcasting
 14197 | D:12     | XOM: swap monsters
 14199 | D:12     | Reached skill level 3 in Hexes
 14356 | D:12     | XOM: 1-stop teleportation journey
 14374 | D:12     | Reached skill level 4 in Hexes
 14377 | D:12     | Reached skill level 6 in Spellcasting
 14417 | D:12     | Identified the +4 scale mail of the Viny God {Dex+5}
 14421 | D:12     | Reached skill level 5 in Hexes
 14433 | D:12     | XOM: chaos upgrade
 14433 | D:12     | Paralysed by a tengu warrior for 1 turns
 14715 | D:12     | Reached skill level 7 in Spellcasting
 14749 | D:12     | XOM: stat loss: -1 Int (20/21)
 14825 | D:12     | XOM: summons 7 hostile demons
 14830 | D:12     | XOM: swap monsters
 14889 | D:12     | XOM: cleaving
 14898 | D:12     | Reached skill level 6 in Hexes
 14904 | D:12     | Reached XP level 14. HP: 33/72 MP: 27/27
 14914 | D:12     | XOM: stat loss: -1 Str (12/13)
 14921 | D:12     | XOM: divine lightning
 15040 | D:12     | XOM: give mutations
 15040 | D:12     | Lost mutation: You are partially covered in iridescent
                  | scales. (AC +2) [Xom's mischief]
 15040 | D:12     | Lost mutation: Your spells are a little harder to cast, but
                  | a little more powerful. [Xom's mischief]
 15040 | D:12     | Lost mutation: Your muscles are strong. (Str +4, Int/Dex
                  | -1) [Xom's mischief]
 15040 | D:12     | Lost mutation: You possess an exceptional clarity of mind.
                  | [Xom's mischief]
 15055 | D:12     | Reached skill level 8 in Spellcasting
 15125 | D:12     | XOM: summons 8 hostile demons
 15300 | D:12     | XOM: chaos cloud
 15304 | D:12     | HP: 7/72 [efreet/+0 scimitar of flaming (2)]
 15307 | D:12     | HP: 1/72 [efreet/+0 scimitar of flaming (3)]
 15308 | D:12     | Slain by an efreet

Vanquished Creatures
  Gastronok (Lair:2)
  2 ice dragons (D:12)
  3 hydras
  Harold (D:11)
  An ogre mage (D:12)
  6 two-headed ogres
  A boulder beetle (D:9)
  3 centaur warriors
  6 death yaks (Lair:1)
  A shock serpent (Lair:1)
  Nergalle (Lair:2)
  Pikel (D:4)
  2 orc knights (Bailey)
  3 cyclopes
  3 ugly things
  2 manticores
  A meliai (D:12)
  2 cane toads
  6 komodo dragons
  A rime drake (Lair:1)
  A freezing wraith (D:9)
  2 efreet (D:12)
  5 trolls
  A wind drake (Lair:1)
  3 hornets (D:9)
  A slime creature (D:12)
  14 blink frogs
  3 shadows
  A centaur simulacrum (D:12)
  A wyvern (D:11)
  A vampire (D:12)
  3 wraiths
  35 yaks
  2 basilisks
  Edmund (D:4)
  An acid dragon (D:12)
  5 water moccasins
  2 swamp drakes
  2 sky beasts
  8 orc warriors
  2 black bears
  An ice beast (D:7)
  2 ogres
  7 wolves
  5 centaurs
  3 elf zombies (Ossuary)
  A lemure (D:4)
  4 phantoms
  2 kobold brigands (D:9)
  A brain worm (shapeshifter) (D:5)
  A weeping skull (Ossuary)
  11 bullfrogs
  3 gnoll sergeants
  3 scorpions
  A burial acolyte (Ossuary)
  7 wights (D:9)
  8 howler monkeys
  An electric eel (Lair:2)
  A bombardier beetle (D:7)
  A human zombie (Ossuary)
  5 orc priests
  2 hounds
  5 jellies
  Crazy Yiuf (D:2)
  3 gnoll boudas
  An iron imp (D:8)
  5 iguanas
  3 sleepcaps
  Natasha (thrice) (D:2)
  9 orc wizards
  6 hound zombies (Ossuary)
  2 mummies (Ossuary)
  21 gnolls
  7 adders
  A shadow imp (D:5)
  A white imp (D:6)
  3 dart slugs
  2 ribbon worms
  53 orcs
  4 ball pythons
  6 bats
  7 endoplasms
  4 giant cockroaches
  3 gnoll zombies (Ossuary)
  11 goblins
  5 hobgoblins
  6 jackals
  8 kobolds
  2 quokkas (D:4)
  2 frilled lizards (D:1)
  2 goblin skeletons (D:8)
  A goblin zombie (D:8)
  3 hobgoblin zombies (D:8)
  A kobold skeleton (D:8)
  An orc skeleton (D:8)
  2 orc zombies (Ossuary)
  A rat (D:2)
406 creatures vanquished.

Vanquished Creatures (collateral kills)
  Grinder (D:4)
1 creature vanquished.

Vanquished Creatures (others)
  An ogre mage (D:12)
  A tengu warrior (D:12)
  A troll (D:12)
3 creatures vanquished.

Grand Total: 410 creatures vanquished

Table legend: (Time is in decaauts)
 A = Elapsed time spent in this place.
 B = Non-inter-level travel time spent in this place.
 C = Inter-level travel time spent in this place.
 D = Time resting spent in this place.
 E = Time spent auto-exploring this place.
 F = Levels seen in this place.
 G = Mean time per level.
                   A        B        C        D        E       F      G
               +--------+--------+--------+--------+--------+-----+--------+
         Total |  14973 |  14355 |    618 |    535 |  11057 |  17 |  880.8 |
       Dungeon |  11650 |  11198 |    452 |    363 |   8816 |  12 |  970.8 |
          Lair |   2108 |   1943 |    165 |     10 |   1482 |   3 |  702.7 |
       Ossuary |    542 |    542 |      0 |     49 |    319 |   1 |  542.0 |
        Bailey |    672 |    672 |      0 |    112 |    439 |   1 |  672.0 |
               +--------+--------+--------+--------+--------+-----+--------+

Top non-repeatable levels by time:
    D:10: 1254 daAuts
  Lair:2: 1240 daAuts
     D:7: 1180 daAuts
     D:6: 1092 daAuts
    D:11: 1091 daAuts
    D:12: 991 daAuts
     D:9: 953 daAuts
     D:5: 906 daAuts
     D:4: 888 daAuts
  Lair:1: 866 daAuts
     D:8: 858 daAuts
     D:1: 851 daAuts
     D:3: 809 daAuts
     D:2: 773 daAuts
  Bailey: 672 daAuts

Table legend:
 A = Non-vault XP
 B = Vault XP
 C = Vault XP percentage of total XP
 D = Non-vault monster count
 E = Vault monster count
 F = Vault count percentage of total count
                 A         B        C        D         E       F
            +---------+---------+-------+---------+---------+-------
      Total |   33409 |   27653 |  45.3 |     290 |     119 |  29.1
            +---------+---------+-------+---------+---------+-------
        D:1 |      42 |       0 |   0.0 |      23 |       0 |   0.0
        D:2 |      88 |      75 |  46.0 |      13 |       2 |  13.3
        D:3 |     121 |       0 |   0.0 |      18 |       0 |   0.0
        D:4 |     417 |    1107 |  72.6 |      18 |       3 |  14.3
        D:5 |     747 |       0 |   0.0 |      13 |       0 |   0.0
        D:6 |     945 |       0 |   0.0 |      22 |       0 |   0.0
        D:7 |    1077 |       0 |   0.0 |      17 |       0 |   0.0
        D:8 |     987 |      81 |   7.6 |      17 |      13 |  43.3
        D:9 |    2848 |    5982 |  67.7 |      39 |      20 |  33.9
       D:10 |    1908 |       0 |   0.0 |      18 |       0 |   0.0
       D:11 |    3511 |     855 |  19.6 |      21 |       1 |   4.5
       D:12 |    1653 |   12308 |  88.2 |       3 |      25 |  89.3
     Lair:1 |   10319 |       0 |   0.0 |      29 |       0 |   0.0
     Lair:2 |    8746 |    4636 |  34.6 |      39 |       7 |  15.2
    Ossuary |       0 |     802 | 100.0 |       0 |      20 | 100.0
     Bailey |       0 |    1807 | 100.0 |       0 |      28 | 100.0
            +---------+---------+-------+---------+---------+-------
